 Seeded DCSS version 0.27.1 (webtiles) character file.

Game seed: 14036611466628663890 (custom seed)

14 oldmanjim the Caller (level 2, -9/21 HPs)
             Began as a Merfolk Summoner on Aug 29, 2021.
             Mangled by a gnoll (18 damage)
             ... on level 1 of the Dungeon.
             The game lasted 00:08:05 (1107 turns).

oldmanjim the Caller (Merfolk Summoner)             Turns: 1107, Time: 00:08:06

Health: -9/21      AC:  2    Str:  8    XL:     2   Next: 45%
Magic:  1/5        EV: 13    Int: 14    God:
Gold:   17         SH:  0    Dex: 14    Spells: 2/5 levels left

rFire    . . .     SeeInvis .   a - +0 dagger
rCold    . . .     Faith    .   (no shield)
rNeg     . . .     Spirit   .   c - +0 robe
rPois    .         Reflect  .   (no helmet)
rElec    .         Harm     .   (no cloak)
rCorr    .         Rampage  .   (no gloves)
Will     .....                  (no boots)
Stlth    ++........             (no amulet)
HPRegen  0.07/turn              (no ring)
MPRegen  0.09/turn              (no ring)

@: no status effects
A: (nimble swimmer 2), mertail
a: no special abilities


You were on level 1 of the Dungeon.
You visited 1 branch of the dungeon, and saw 1 of its levels.

You collected 17 gold pieces.

Inventory:

Hand Weapons
 a - a +0 dagger (weapon)
Missiles
 d - 18 stones (quivered)
Armour
 c - a +0 robe (worn)
Potions
 b - a potion of brilliance {unknown}


   Skills:
 + Level 1.5 Fighting
 - Level 3.0 Dodging
 - Level 2.1 Stealth
 - Level 2.0 Spellcasting
 - Level 4.1 Summonings


You had 2 spell levels left.
You knew the following spells:

 Your Spells              Type           Power      Damage    Failure   Level
a - Summon Small Mammal   Summ           52%        N/A       4%          1
b - Call Imp              Summ           13%        N/A       6%          2

Your spell library contained the following spells:

 Spells                   Type           Power      Damage    Failure   Level
 Call Canine Familiar     Summ           13%        N/A       13%         3
 Summon Guardian Golem    Hex/Summ       7%         N/A       30%         3
 Summon Lightning Spire   Summ/Air       7%         N/A       69%         4


Dungeon Overview and Level Annotations

Branches:
Dungeon (1/15)

Altars:


Innate Abilities, Weirdness & Mutations

((You are quick and stealthy near water. (Stealth+, EV+, Speed+++)))
Your lower body shifts to a powerful aquatic tail in water.


Message History

Found a stone staircase leading down.
d - 15 stones (gained 1)
d - 17 stones (gained 2)
d - 18 stones (gained 1)
A goblin comes into view. It is wielding a +0 dagger.
Found Plato's Volume of Displacement.
Found a faded altar of an unknown god.
The goblin shouts!
A gnoll comes into view.
It is wielding a +2 whip of electrocution.
A jackal comes into view.
The goblin hits you but does no damage.
The jackal barks!
The gnoll shouts!
You hit the goblin but do no damage.
You hear a bark!
The goblin hits you with a +0 dagger.
You barely miss the goblin.
A giant cockroach comes into view.
The goblin hits you with a +0 dagger.
Casting: Call Imp (safe; 6% risk of failure)
Confirm with . or Enter, or press ? or * to list all spells.
A beastly little devil appears in a puff of flame.
The goblin misses you. The gnoll closely misses you.
A jackal comes into view.
The goblin closely misses you. The goblin misses your crimson imp.
Your crimson imp misses the goblin.
An endoplasm comes into view.
The goblin hits your crimson imp with a +0 dagger.
Casting: Call Imp (safe; 6% risk of failure)
Confirm with . or Enter, or press ? or * to list all spells.
A beastly little devil appears in a puff of flame.
The endoplasm quivers.
Your crimson imp barely misses the goblin.
The gnoll closely misses you.
The goblin hits your crimson imp but does no damage.
Your crimson imp hits the goblin.
The gnoll hits you with a +2 whip of electrocution!
You are electrocuted!!
Ouch! That really hurt!
You die...

............... .
##...........## .
.#####............#
...#...............#
#.##..##...†...####
#.....##..###....###
##. #.##.....##
#.#.....
.....##5##.#..##
#.##....
#.Jghg@.##.###
#.####.#
#...##..##.... #.#
#.#
#...#.5^..#.##.##.#
#.#
#..P#.##^....##..#.#
#.. #..#. .....##
#.#.# ###. .h.#.
##..### #...###...
...# P..# ##....#.#.
.# _..# ####....#...
#....#.....#


You could see a gnoll, an endoplasm (ally target), a jackal, a goblin (ally
target) and 2 friendly crimson imps.

Vanquished Creatures
  A ball python (D:1)
  2 goblins (D:1)
  2 frilled lizards (D:1)
  A kobold (D:1)
  3 rats (D:1)
9 creatures vanquished.

Vanquished Creatures (collateral kills)
  An endoplasm (D:1)
  3 goblins (D:1)
  2 jackals (D:1)
  A quokka (D:1)
  A bat (D:1)
  A frilled lizard (D:1)
9 creatures vanquished.

Grand Total: 18 creatures vanquished

Notes
Turn   | Place    | Note
-------+----------+-------------------------------------------
     0 | D:1      | oldmanjim the Merfolk Summoner began the quest for the Orb.
     0 | D:1      | Reached XP level 1. HP: 13/13 MP: 3/3
   575 | D:1      | Reached XP level 2. HP: 20/20 MP: 5/5
   580 | D:1      | Learned a level 2 spell: Call Imp
   709 | D:1      | Reached skill level 1 in Fighting
  1096 | D:1      | Found a faded altar of an unknown god.
  1107 | D:1      | Mangled by a gnoll

Illustrated notes

Levels and vault maps discovered:
D:1:      elethiomel_arrival_infinity_welcomes_careful_drivers, layout_rooms,
          shapermc_ecumenical_altar_rom_forum, minmay_stone_trees_medium,
          minmay_misc_feat_five

Skill      XL: |  1  2 |
---------------+-------+-----
Dodging        | 3 |  3.0
Fighting       | 1 |  1.5
Stealth        | |  2.1
Spellcasting   | |  2.0
Summonings     | |  4.1

Action                   || total
-------------------------++-------
Melee: Dagger            ||    66
Throw: Stone             ||     8
 Cast: Summon Small Mamm ||    11
       Call Imp          ||     3
Armor: Robe              ||     7
Dodge: Dodged            ||    65
